 Dungeon Crawl Stone Soup version 0.29-a0-857-g9b1aa3ac5b (webtiles) character file.

Game seed: 12435099552444072799

110 MisterAzrael the Grave Robber (level 4, -9/30 HPs)
             Began as a Mummy Necromancer on July 16, 2022.
             Mangled by a hell rat (12 damage)
             ... in a sewer.
             The game lasted 00:08:01 (2831 turns).

MisterAzrael the Grave Robber (Mummy Necromancer)   Turns: 2831, Time: 00:08:02

Health: -9/30      AC: 11    Str: 15    XL:     4   Next: 61%
Magic:  9/9        EV: 12    Int: 20    God:
Gold:   78         SH:  5    Dex: 16    Spells: 2/10 levels left

rFire   . . .      SeeInvis .   (no weapon)
rCold   . . .      Faith    .   (no shield)
rNeg    + + +      Spirit   .   h - +4 robe of Augmentation {Str+4 Int+4 Dex+4}
rPois   ∞          Reflect  +   (no helmet)
rElec   .          Harm     .   k - +0 cloak
rCorr   .          Rampage  .   (no gloves)
Will    .....                   (no boots)
Stlth   +.........              e - amulet of reflection
HPRegen 0.10/turn               g - ring of fire
MPRegen 0.11/turn               o - +4 ring of protection

@: very slow
A: cold resistance 1, negative energy resistance 3, torment resistance 2, heat
vulnerability 1, in touch with death 1, no potions
a: no special abilities


You were in a sewer.
You visited 1 branch of the dungeon, and saw 3 of its levels.
You also visited: Sewer.

You collected 78 gold pieces.

Inventory:

Armour
 a - a +0 robe
 h - the +4 robe of Augmentation (worn) {Str+4 Int+4 Dex+4}
   (You found it on level 2 of the Dungeon)

   Str:       It affects your strength (+4).
   Int:       It affects your intelligence (+4).
   Dex:       It affects your dexterity (+4).
 k - a +0 cloak (worn)
Jewellery
 e - an amulet of reflection (around neck)
 g - a ring of fire (left hand)
 i - a ring of fire
 o - a +4 ring of protection (right hand)
 r - a ring of magical power
Wands
 n - a wand of digging (5)
Scrolls
 b - 5 scrolls of identify {unknown}
 d - a scroll of vulnerability {unknown}
 f - 2 scrolls of noise {unknown}
 j - a scroll of magic mapping {unknown}
 l - a scroll of silence {unknown}
 m - a scroll of fear {unknown}
 p - a scroll of teleportation {unknown}
 q - a scroll of summoning {unknown}
Potions
 c - a potion of might {unknown}


   Skills:
 + Level 2.3 Dodging
 - Level 1.5 Stealth
 + Level 3.8 Spellcasting
 * Level 5.1 Necromancy


You had 2 spell levels left.
You knew the following spells:

 Your Spells              Type           Power      Damage    Failure   Level
a - Necrotise             Necr           100%       1d9       1%          1
b - Vampiric Draining     Necr           36%        2d8       4%          3
c - Animate Dead          Necr           36%        N/A       16%         4

Your spell library contained the following spells:

 Spells                   Type           Power      Damage    Failure   Level
 Ensorcelled Hibernation  Hex/Ice        6%         N/A       21%         2
 Passwall                 Tmut/Erth      2%         N/A       21%         2
 Swiftness                Air            3%         N/A       36%         3
 Agony                    Necr           36%        N/A       41%         5


Dungeon Overview and Level Annotations

Branches:
Dungeon (3/15)              Sewer (1/1)

Altars:
Nemelex Xobeh


Innate Abilities, Weirdness & Mutations

You are immune to poison.
Your flesh is cold resistant. (rC+)
You are immune to negative energy. (rN+++)
You are immune to unholy pain and torment.
You are vulnerable to heat. (rF-)
You are in touch with the powers of death.
You do not drink.


Message History

Your rat skeleton is destroyed!
The rat splashes around in the water.
Your river rat zombie barely misses the hell rat.
Your rat zombie misses the hell rat.
The hell rat bites your river rat zombie!
Your river rat zombie is destroyed!
The rat bites your river rat zombie.
Your rat zombie closely misses the hell rat.
Your river rat zombie closely misses the rat.
The river rat bites you.
The rat barely misses your river rat zombie.
The hell rat barely misses your rat zombie.
Your rat zombie bites the hell rat but does no damage. x2
The river rat misses you.
Your river rat zombie closely misses the rat.
The rat bites your river rat zombie but does no damage.
The hell rat bites your rat zombie.
Your rat zombie is destroyed!
The river rat bites you.
Your rat zombie bites the hell rat but does no damage.
The rat closely misses your river rat zombie.
Your river rat zombie closely misses the rat.
You block the river rat's attack.
The rat bites your river rat zombie but does no damage.
You closely miss the hell rat. The hell rat completely misses you.
Your river rat zombie bites the rat.
The rat dies!
You block the river rat's attack. The hell rat bites you!
Your rat zombie barely misses the hell rat.
You block the hell rat's attack.
Your river rat zombie closely misses the hell rat.
Your rat zombie closely misses the river rat.
The river rat bites you but does no damage.
Your rat zombie closely misses the river rat.
The hell rat bites you!
* * * LOW HITPOINT WARNING * * *
Your river rat zombie bites the hell rat.
You block the river rat's attack. The hell rat bites you!
You die...

#####
###.≈≈###
#.....≈.#
##....≈..##
#..Z###≈.≈#
##.≈##.##≈.##
#≈Z≈#≈≈.#...#
#≈.##?.≈##@≈#
#.≈#!!≈≈≈#rr#
#†∩#∩!≈≈≈Z≈Z#
#..#??≈≈≈#≈≈#
#≈.##!≈≈##.†#
#≈†≈#≈≈≈ ..≈#
##≈≈##≈ #.≈##
#..≈## ≈..#
##..≈ ..≈##


You could see a hell rat (ally target), a river rat, a friendly rat zombie and a
friendly river rat zombie.

Vanquished Creatures
  Natasha (D:1)
  2 river rats (Sewer)
  A worm (D:2)
  2 dart slugs (D:2)
  6 bats
  3 endoplasms
  2 giant cockroaches (D:1)
  4 goblins
  3 hobgoblins
  3 kobolds
  9 quokkas
  2 frilled lizards (D:2)
  6 rats
44 creatures vanquished.

Vanquished Creatures (collateral kills)
  A river rat (Sewer)
  A goblin (D:2)
  5 rats
7 creatures vanquished.

Vanquished Creatures (others)
  A river rat zombie (Sewer)
  A hobgoblin zombie (D:3)
  4 rat zombies
  2 fungi (D:3)
8 creatures vanquished.

Grand Total: 59 creatures vanquished

Notes
Turn   | Place    | Note
-------+----------+-------------------------------------------
     0 | D:1      | MisterAzrael the Mummy Necromancer began the quest for the
                  | Orb.
     0 | D:1      | Reached XP level 1. HP: 13/13 MP: 4/4
   453 | D:1      | Reached XP level 2. HP: 19/19 MP: 3/5
  1168 | D:2      | Found the +4 robe of Augmentation {Str+4 Int+4 Dex+4}
  1171 | D:2      | Found a sparkling altar of Nemelex Xobeh.
  1263 | D:2      | Noticed Natasha
  1271 | D:2      | Noticed a crimson imp
  1285 | D:1      | Killed Natasha
  1286 | D:1      | Gained mutation: You are in touch with the powers of death.
                  | [Mummy growth]
  1286 | D:1      | Reached XP level 3. HP: 11/24 MP: 0/7
  1300 | D:1      | Learned a level 3 spell: Vampiric Draining
  2322 | D:3      | Reached XP level 4. HP: 30/30 MP: 7/9
  2346 | D:3      | Learned a level 4 spell: Animate Dead
  2412 | D:3      | Found a faded altar of an unknown god.
  2690 | D:3      | Found a glowing drain.
  2694 | Sewer    | Entered a sewer
  2699 | Sewer    | Reached skill level 5 in Necromancy
  2831 | Sewer    | Mangled by a hell rat

Illustrated notes

Levels and vault maps discovered:
D:1:      dpeg_arrival_boxes_within_box, layout_loops_ring,
          chequers_serial_rivers_micro_e, minmay_misc_feat_doors, minivault_19
D:2:      layout_loops_cross, basic_altar, uniq_natasha
D:3:      layout_rooms, mainiacjoe_overflow_boulevard,
          shapermc_ecumenical_altar_venn, gup_sewer_entry_bowl,
          grunt_ministairs_8
Sewer:    sewer_hellmonk_bad_rat

Skill      XL: |  1  2  3  4 |
---------------+-------------+-----
Spellcasting   | 3 |  3.8
Dodging        | 2 |  2.3
Necromancy     | 5 |  5.1
Stealth        | |  1.5

Action                   |  1- 3 |  4- 6 || total
-------------------------+-------+-------++-------
Melee: Unarmed           |     3 |     7 ||    10
 Cast: Necrotise         |    61 |    19 ||    80
       Animate Dead      |       |     2 ||     2
Armor: Robe              |    10 |    10 ||    20
Dodge: Dodged            |    31 |    26 ||    57
Block: Other             |     7 |     9 ||    16

Table legend: (Time is in decaauts)
 A = Elapsed time spent in this place.
 B = Non-inter-level travel time spent in this place.
 C = Inter-level travel time spent in this place.
 D = Time resting spent in this place.
 E = Time spent auto-exploring this place.
 F = Levels seen in this place.
 G = Mean time per level.
                   A        B        C        D        E       F      G
               +--------+--------+--------+--------+--------+-----+--------+
         Total |   2842 |   2728 |    114 |    137 |   1979 |   4 |  710.5 |
       Dungeon |   2697 |   2583 |    114 |    137 |   1903 |   3 |  899.0 |
         Sewer |    145 |    145 |      0 |      0 |     76 |   1 |  145.0 |
               +--------+--------+--------+--------+--------+-----+--------+

Top non-repeatable levels by time:
     D:1: 1330 daAuts
     D:2: 935 daAuts
     D:3: 430 daAuts
   Sewer: 145 daAuts
